AoeStats
← zamithdaniel

MegaRandom

504540991Analyzed
3v3 RM · 28d ago on Sep 5, 2026· 53m 44s· 6 players
Game mode
Random Map
Map size
Normal (6 player)
Population
200
Speed
Normal
Resources
Standard
Victory
Conquest
Starting age
Dark Age
Ending age
Imperial Age
RankedLock teamsTeams togetherTeam positionsShared explorationLock speedFull tech treeHidden civsTurbo modeCheats
Victory
Defeat
🇳🇴 Tupi · Norway
906
+16
🇷🇴 Wei · Romania
899
+16
🇳🇴 Wu · Norway
830
+20
🇨🇴 Britons · Colombia
935
-18
🇨🇴 Celts · Colombia
916
-18
🇨🇴 Japanese · Colombia
867
-16
King David
9:15 Loom
11:43 Feudal Age
12:11 Double-Bit Axe
12:10 Horse Collar
12:28 Man-at-Arms
15:13 Wheelbarrow
14:51 Arson
15:35 Town Watch
16:58 Forging
17:21 Arson
20:10 Scale Mail Armor
25:32 Castle Age
23:32 Gold Mining
26:24 Bow Saw
26:18 Squires
26:52 Chain Mail Armor
27:10 Heavy Plow
29:27 Iron Casting
28:31 Long Swordsman
29:13 Pikeman
29:41 Long Swordsman
31:55 Hand Cart
36:33 Gold Shaft Mining
36:39 Fletching
37:40 Coinage
42:23 Imperial Age
40:42 Bodkin Arrow
42:06 Scale Barding Armor
43:24 Conscription
43:48 Plate Mail Armor
42:47 Two-Handed Swordsman
45:26 Blast Furnace
45:42 Chemistry
44:51 Champion
46:07 Stone Mining
48:05 Stone Shaft Mining
48:10 Banking
48:00 Sitting Tiger
53:19 Ballistics
Lefwee
10:06 Feudal Age
9:52 Loom
10:52 Horse Collar
11:01 Double-Bit Axe
20:24 Castle Age
31:08 Fletching
33:19 Padded Archer Armor
36:32 Bodkin Arrow
39:31 Leather Archer Armor
53:42 Imperial Age
Poop_Gang
2:29 Loom
11:06 Feudal Age
11:38 Double-Bit Axe
11:35 Horse Collar
11:48 Gold Mining
20:09 Castle Age
21:01 Bow Saw
21:32 Heavy Plow
23:07 Gold Shaft Mining
26:58 Wheelbarrow
28:09 Hand Cart
28:26 Forging
28:21 Scale Barding Armor
28:37 Husbandry
30:28 Bloodlines
30:27 Town Watch
32:44 Scale Barding Armor
35:04 Iron Casting
34:49 Chain Barding Armor
34:21 Fletching
35:03 Tuntian
39:03 Imperial Age
37:27 Stone Mining
38:13 Bodkin Arrow
38:19 Padded Archer Armor
40:16 Parthian Tactics
40:18 Elite Tiger Cavalry
41:19 Conscription
41:27 Ming Guang Armor
41:48 Leather Archer Armor
46:51 Blast Furnace
45:52 Bracer
46:22 Ring Archer Armor
49:08 Ballistics
49:48 Chemistry
Griffith
12:21 Feudal Age
14:20 Forging
28:10 Castle Age
35:14 Scale Mail Armor
36:18 Chain Mail Armor
37:40 Iron Casting
38:33 Gold Mining
Dovahkyn
8:37 Loom
10:25 Feudal Age
17:55 Castle Age
18:08 Fletching
20:16 Double-Bit Axe
20:54 Horse Collar
21:54 Heavy Plow
23:22 Bow Saw
24:17 Bodkin Arrow
24:48 Padded Archer Armor
28:30 Leather Archer Armor
28:51 Ballistics
28:12 Treadmill Crane
34:47 Pikeman
35:27 Squires
35:48 Forging
35:38 Scale Mail Armor
37:26 Masonry
37:13 Murder Holes
37:36 Gold Mining
37:37 Stone Mining
37:52 Gambesons
39:57 Gold Shaft Mining
52:09 Imperial Age
zamithdaniel
12:05 Feudal Age
12:15 Man-at-Arms
12:43 Double-Bit Axe
21:54 Castle Age
20:50 Scale Barding Armor
22:45 Light Cavalry
26:14 Forging
26:59 Stone Mining
43:39 Scale Mail Armor
46:03 Iron Casting
Connection lost

Rejoining the realm…

Still unreachable

The connection could not be restored.

Session expired

The server has moved on; the page needs a fresh start.